Map: Newkirk Precinct TE (Void)

Players

speaknow (ByuN) - Winner!

  • Race: Terran Terran
  • Spawn Location: 5:00

Erik

  • Race: Zerg Zerg
  • League: Master
  • Spawn Location: 7:00

Event: NationWars IV

VOD

Have the link to the VOD?

Description

Time

  • Played on: Jan. 4, 2017, 11:40 a.m.
  • Length: 12:57
Show
View Real Time Build Order
Export as new Build Order

speaknow Terran - Winner!

Build Orders: Reaper Expand, MMM Bio 

Get SALT Encoding   

  12  0:00  SCV  
  13  0:13  SCV  
  14  0:17  Supply Depot  
  14  0:25  SCV  
  15  0:38  SCV  
  15  0:40  Barracks  
  16  0:44  Refinery  
  16  0:51  SCV  
  17  1:03  SCV  
  18  1:15  SCV  
  19  1:27  Orbital Command, Reaper  
  20  1:41  Command Center  
  20  1:51  Barracks  
  20  1:55  SCV  
  20  1:59  Barracks Reactor  
  21  2:05  Supply Depot  
  21  2:09  SCV  
  21  2:14  Refinery  
  22  2:21  SCV  
  23  2:26  Factory  
  23  2:33  SCV  
  23  2:37  Marine x2  
  24  2:39  Barracks Tech Lab  
  26  2:45  SCV  
  27  2:53  Orbital Command  
  27  2:57  SCV  
  28  2:58  Stimpack  
  28  3:03  Marine x2  
  30  3:07  Marine  
  30  3:10  SCV  
  32  3:17  Starport  
  32  3:21  Factory Reactor  
  32  3:22  SCV  
  32  3:24  SCV  
  34  3:28  Marine  
  34  3:29  Marine  
  34  3:30  Marine  
  37  3:34  SCV  
  37  3:36  SCV  
  37  3:39  Supply Depot  
  39  3:45  Marine  
  39  3:46  Marine  
  39  3:48  Marine, SCV x2  
  42  3:52  Supply Depot  
  44  4:00  SCV x2  
  44  4:02  Medivac  
  48  4:03  Medivac  
  48  4:07  Marine x2  
  48  4:09  Marine  
  53  4:15  SCV  
  53  4:16  SCV  
  55  4:17  Supply Depot  
  55  4:27  Marine  
  55  4:28  Marine, Engineering Bay x2  
  55  4:29  Marine  
  58  4:32  SCV x2  
  60  4:39  Supply Depot  
  60  4:44  Medivac  
  62  4:45  Marine x2  
  62  4:46  Marine  
  62  4:47  SCV x2  
  67  4:53  Terran Infantry Weapons Level 1  
  67  4:59  Combat Shields  
  67  5:03  Marine x2  
  67  5:04  Marine, Supply Depot  
  70  5:17  Terran Infantry Armor Level 1  
  70  5:18  Command Center  
  70  5:21  Marine x2  
  70  5:22  Marine  
  68  5:37  Factory Reactor  
  68  5:38  Barracks  
  68  5:39  Marine, SCV x2  
  68  5:40  Barracks  
  68  5:41  Barracks  
  71  5:45  Marine x2  
  72  5:51  SCV x2  
  72  5:57  Marine  
  73  6:01  Refinery  
  73  6:02  Refinery  
  73  6:03  Marine x2  
  76  6:05  SCV x2  
  76  6:06  Medivac x2  
  76  6:10  Supply Depot  
  82  6:14  Marine  
  82  6:15  Armory  
  82  6:17  SCV x2  
  85  6:21  Marine  
  86  6:26  Marine  
  86  6:29  Widow Mine x2  
  86  6:30  Barracks Reactor  
  86  6:31  Orbital Command  
  86  6:32  Marine  
  89  6:34  Barracks Reactor  
  89  6:36  Liberator  
  89  6:37  Supply Depot  
  90  6:40  Marine x2  
  90  6:44  Marine  
  90  6:45  SCV x2  
  95  6:50  Marine  
  98  6:58  Marine x2  
  99  7:02  Marine, Widow Mine x2  
  99  7:08  Marine, SCV  
  106  7:11  Marine x2  
  106  7:12  Marine x2  
  110  7:16  Marine x2  
  110  7:19  Orbital Command  
  110  7:20  Marine  
  107  7:26  Marine, Terran Infantry Armor Level 2  
  107  7:29  Marine x2  
  109  7:30  Marine x2  
  109  7:31  Terran Infantry Weapons Level 2  
  109  7:33  SCV x2  
  109  7:34  Marine  
  114  7:45  SCV x2  
  114  7:46  Marine  
  114  7:51  Marine x7  
  117  7:55  Supply Depot  
  124  7:59  SCV  
  124  8:01  Orbital Command  
  125  8:08  SCV, Widow Mine  
  125  8:10  Widow Mine  
  111  8:18  SCV  
  103  8:20  Marine x5, Medivac x2, SCV  
  103  8:21  Marine x3  
  116  8:28  SCV  
  116  8:30  SCV  
  116  8:32  SCV  
  119  8:36  Widow Mine  
  119  8:38  Marine x4  
  119  8:39  Widow Mine  
  119  8:40  SCV  
  128  8:42  SCV  
  128  8:44  SCV  
  130  8:52  SCV  
  130  8:54  SCV  
  132  8:55  Supply Depot  
  132  8:56  SCV  
  132  8:59  Supply Depot  
  133  9:13  Supply Depot  
  133  9:14  Supply Depot  
  133  9:16  Supply Depot, Widow Mine x2  
  133  9:17  Medivac, SCV x2  
  133  9:18  Supply Depot  
  133  9:20  Medivac, SCV  
  133  9:23  Marine x6  
  133  9:24  Marine  
  148  9:29  Barracks Reactor  
  148  9:34  Supply Depot  
  148  9:35  Supply Depot  
  148  9:41  Marine  
  148  9:42  Marine x5  
  148  9:43  Marine  
  155  9:58  Marine  
  138  10:00  Marine x5  
  138  10:01  Marauder  
  138  10:05  Marine  
  136  10:08  Widow Mine x2  
  136  10:13  Marine  
  139  10:16  Marine  
  139  10:17  Marine  
  139  10:18  Marine x4  
  139  10:20  Medivac x2  
  146  10:21  Command Center  
  146  10:22  Marauder  
  146  10:23  Marine  
  149  10:31  Marine  
  149  10:34  Marine  
  145  10:38  Marine x5  
  145  10:40  Widow Mine x2  
  149  10:44  Marauder  
  149  10:48  Missile Turret  
  151  10:58  Marine x5  
  151  10:59  Marine x2  
  158  11:05  Marauder  
  158  11:06  Barracks  
  158  11:07  Barracks  
  158  11:10  Barracks  
  158  11:17  Marine x6  
  158  11:18  Marine x2  
  166  11:28  Marine  
  167  11:35  Marine x7, Widow Mine  
  167  11:36  Marine  
  177  11:45  Widow Mine  
  177  11:46  Marine  
  176  11:52  Marine  
  176  11:53  Marine x5  
  180  11:56  Marine x2  
  180  12:00  Planetary Fortress  
  182  12:04  Marauder, Widow Mine  
  182  12:05  Barracks Reactor x2  
  182  12:07  Barracks Tech Lab  
  186  12:10  Marine x2  
  186  12:11  Marine x3  
  186  12:14  Widow Mine  
  186  12:15  Marine  
  193  12:18  Marine  
  193  12:21  Marine  
  194  12:25  Marauder  
  194  12:26  Marine  
  194  12:28  Marine x4  
  194  12:29  Marine  
  198  12:33  Marine  
  198  12:36  Marine  
  175  12:39  Marine  
Show
View Real Time Build Order
Export as new Build Order

Erik Zerg 

Build Orders: Hatch First 

Get SALT Encoding   

  12  0:01  Drone  
  13  0:14  Overlord  
  13  0:18  Drone  
  14  0:32  Drone x2  
  16  0:38  Drone  
  17  0:53  Hatchery  
  17  0:56  Drone  
  17  1:00  Drone  
  17  1:02  Extractor  
  17  1:16  Spawning Pool  
  16  1:19  Drone  
  16  1:22  Drone  
  18  1:31  Drone  
  19  1:41  Drone  
  20  1:51  Overlord  
  20  2:03  Metabolic Boost, Queen  
  20  2:05  Queen  
  25  2:08  Zergling x2  
  25  2:11  Zergling x2  
  25  2:14  Drone  
  27  2:18  Drone  
  28  2:26  Drone x2  
  30  2:34  Drone  
  31  2:40  Drone  
  31  2:42  Queen  
  34  2:46  Overlord  
  34  2:48  Overlord  
  34  2:57  Evolution Chamber  
  34  2:58  Drone  
  34  3:03  Drone  
  35  3:06  Drone  
  35  3:12  Drone x2  
  38  3:13  Drone x3  
  38  3:15  Drone x2  
  43  3:22  Drone  
  43  3:24  Zerg Ground Armor Level 1  
  44  3:38  Hatchery  
  43  3:43  Drone x3  
  46  3:48  Overlord  
  46  3:50  Overlord  
  46  3:57  Drone x2  
  46  3:58  Drone x2  
  46  4:01  Queen  
  52  4:06  Queen  
  52  4:09  Evolution Chamber  
  52  4:17  Zergling x10  
  57  4:27  Zergling x8  
  61  4:36  Overlord  
  61  4:37  Queen  
  63  4:39  Zerg Melee Weapons Level 1  
  63  4:42  Queen  
  63  4:44  Zergling x4  
  67  4:53  Zergling x6  
  67  4:54  Zergling x2  
  71  5:00  Overlord  
  71  5:04  Drone x2  
  71  5:06  Extractor  
  72  5:08  Baneling Nest, Queen  
  70  5:18  Drone x2  
  72  5:22  Zergling x6  
  72  5:23  Zergling x6  
  75  5:35  Zergling x12  
  78  5:37  Spore Crawler, Drone x2  
  78  5:40  Spore Crawler, Drone x2  
  80  5:49  Overlord  
  81  5:51  Lair  
  81  5:53  Extractor  
  76  6:00  Overlord  
  76  6:06  Drone x2  
  76  6:09  Drone, Spine Crawler  
  78  6:13  Drone x3  
  78  6:17  Zergling x4  
  78  6:18  Zergling x8  
  87  6:19  Zergling x2  
  87  6:21  Drone  
  87  6:23  Hatchery  
  87  6:32  Drone x2  
  89  6:33  Drone x2  
  89  6:37  Drone  
  89  6:39  Spore Crawler  
  91  6:41  Drone x4  
  91  6:42  Extractor, Drone  
  91  6:44  Extractor  
  94  6:53  Overlord  
  92  6:58  Zergling x8  
  95  7:05  Centrifical Hooks  
  95  7:06  Zerg Melee Weapons Level 2  
  95  7:13  Zergling x2  
  95  7:14  Zergling x22  
  104  7:22  Drone x2  
  104  7:23  Spine Crawler  
  104  7:25  Drone  
  100  7:34  Extractor  
  100  7:35  Drone x3  
  100  7:37  Drone x2  
  104  7:40  Spire, Queen  
  105  7:44  Baneling, Hatchery  
  105  7:45  Baneling x7  
  105  7:47  Zergling x6  
  105  7:48  Zergling x2  
  105  7:49  Zergling x2  
  109  7:56  Drone x2  
  109  7:57  Drone  
  110  8:05  Overlord  
  110  8:06  Overlord x2  
  96  8:19  Zergling x14  
  93  8:20  Zergling x6  
  93  8:23  Drone  
  88  8:35  Zergling x2  
  88  8:36  Zergling x10  
  88  8:37  Baneling x5  
  88  8:38  Baneling x4, Queen  
  88  8:40  Queen  
  89  8:44  Drone  
  89  8:45  Drone  
  91  8:53  Zergling x6  
  91  8:54  Zergling x2  
  95  8:56  Zerg Flyer Weapons Level 1  
  95  9:00  Hatchery  
  84  9:12  Zergling x16  
  84  9:14  Overseer  
  92  9:28  Zergling x10  
  92  9:29  Zergling x10  
  102  9:42  Zergling x20  
  112  9:45  Baneling  
  112  9:46  Baneling x8  
  91  10:12  Zergling x2  
  91  10:13  Zergling x22  
  88  10:18  Queen  
  86  10:26  Zergling x2  
  86  10:27  Zergling x14  
  93  10:33  Zerg Ground Armor Level 2  
  81  10:43  Zergling x10  
  81  10:48  Baneling  
  81  10:49  Baneling x13  
  86  10:57  Zergling x2  
  86  10:58  Zergling x10  
  91  11:19  Zergling x2  
  91  11:20  Zergling x20  
  91  11:22  Overseer  
  92  11:36  Zergling x2  
  92  11:37  Zergling x18  
  101  11:45  Baneling x9  
  101  11:46  Baneling x7  
  95  11:51  Zergling x10  
  95  11:58  Zergling x6  
  95  11:59  Zergling x6  
  101  12:14  Zergling x2  
  101  12:15  Zergling x4, Hatchery  
Tags
 
Add a new tag
Caveats
  • Supply blocks, unpowered buildings, or Contaminate may cause inaccurate times.
  • Supply counts are checked every 10 seconds.